 Dungeon Crawl Stone Soup version 0.29.0-4-gdea44cf6ec (webtiles) character file.

Game seed: 1386802925991114407

32 qw the Chopper (level 3, -6/29 HPs)
             Began as a Barachi Chaos Knight on Sept 4, 2022.
             Mangled by a red devil
             ... wielding a +0 trident
             ... summoned by Xom
              (10 damage)
             ... on level 2 of the Dungeon.
             The game lasted 00:00:32 (1278 turns).

qw the Chopper (Barachi Chaos Knight)               Turns: 1278, Time: 00:00:33

Health: -6/29      AC:  7    Str: 14 (15) XL:     3   Next: 27%
Magic:  3/3        EV:  9    Int: 12      God:
Gold:   26         SH:  0    Dex: 10 (11) Spells: 2/2 levels left

rFire   . . .      SeeInvis .   Y - +0 hand axe (chaos)
rCold   . . .      Faith    .   (no shield)
rNeg    . . .      Spirit   .   a - +0 scale mail
rPois   .          Reflect  .   (no helmet)
rElec   .          Harm     .   (no cloak)
rCorr   .          Rampage  .   f - +0 pair of gloves
Will    .....                   (no boots)
Stlth   ..........              (no amulet)
HPRegen 0.09/turn               (no ring)
MPRegen 0.08/turn               (no ring)

@: spiked, hasted, quick
A: amphibious, slowness 1, strong legs 1, +LOS
a: Hop


You were on level 2 of the Dungeon.
You visited 1 branch of the dungeon, and saw 2 of its levels.

You collected 26 gold pieces.


Innate Abilities, Weirdness & Mutations

You are amphibious.
You cover ground slowly.
You can hop short distances.
You have an extended range of vision and can be seen from far away.


   Skills:
 - Level 3.6 Fighting
 + Level 4.7 Axes
 - Level 2.4 Armour
 - Level 1.1 Dodging


You had 2 spell levels left.
You didn't know any spells.
Your spell library was empty.

Inventory:

Hand Weapons
 g - a +3 whip
 Y - a +0 hand axe of chaos (weapon)
Armour
 a - a +0 scale mail (worn)
 f - a +0 pair of gloves (worn)
Potions
 d - a potion of cancellation {unknown}
 e - a potion of lignification {unknown}
 h - a potion of attraction {unknown}
Miscellaneous
 c - a piece from Xom's chessboard (15/15)

Dungeon Overview and Level Annotations

Branches:
Dungeon (2/15)

Altars:

Shops:
D:1 !*


Message History

The chaos spawn splatters into many small globs of multi-coloured light, then recombines.
You closely miss the smoke demon.
The smoke demon is lightly wounded.
You closely miss the chaos spawn. You hit the quasit but do no damage. x3
You hit the white imp.
The white imp suddenly seems more agile.
The quasit misses you. The quasit closely misses you.
The quasit claws you but does no damage.
The quasit barely misses you. The quasit claws you.
The quasit barely misses you. The quasit bites you.
The quasit claws you but does no damage.
The quasit barely misses you. The white imp hits you.
The white imp freezes you.
The red devil hits you from afar with a +0 trident!
Barbed spikes become lodged in your body.
The chaos spawn hits you.
You feel yourself speed up.
The smoke demon hits you but does no damage. x2
The smoke demon closely misses you.
You hit the smoke demon.
The smoke demon is lightly wounded.
You hit the white imp but do no damage.
Space warps around the white imp.
You hit the chaos spawn. You closely miss the quasit.
You hit the quasit but do no damage. You barely miss the quasit.
The quasit bites you. The quasit completely misses you.
The quasit barely misses you. x2
The quasit claws you but does no damage.
The quasit claws you.
You feel clumsy. The quasit closely misses you.
The quasit claws you but does no damage. x2
You miss the white imp.
The white imp is heavily wounded.
You hit the smoke demon. You hit the chaos spawn. You burn the chaos spawn.
You hit the quasit but do no damage. Lightning courses through the quasit!
You kill the quasit!
The quasit disappears in a puff of smoke!
You hit the quasit. You barely miss the quasit.
The quasit bites you but does no damage.
The quasit claws you but does no damage. x2
The red devil hits you from afar with a +0 trident!
You die...

#####.######.......
..................
#####.########...#
#####.# #...####
......# #......#
##############......#
..)..........'...4..+
##############.55...#
....... #..@4..#
####### #.53ยค.?#
#......# ########


You could see a smoke demon (summoned), a chaos spawn (summoned), a red devil
(summoned), 2 quasits and a white imp (summoned, agile).

Vanquished Creatures
  A dart slug (D:2)
  3 endoplasms (D:1)
  5 goblins
  A hobgoblin (D:1)
  4 jackals (D:1)
  2 kobolds (D:1)
  4 ball pythons
  5 frilled lizards
  4 rats
29 creatures vanquished.

Vanquished Creatures (collateral kills)
  A goblin (D:1)
1 creature vanquished.

Grand Total: 30 creatures vanquished

Notes
Turn   | Place    | Note
-------+----------+-------------------------------------------
     0 | D:1      | qw the Barachi Chaos Knight began the quest for the Orb.
     0 | D:1      | Reached XP level 1. HP: 18/18 MP: 1/1
     0 | D:1      | 0 ||| qw: Version: 0.1-a-102-g441f92d
     0 | D:1      | 0 ||| qw: Game counter: 5342
     0 | D:1      | 0 ||| qw: Always use a shield: true
     0 | D:1      | 0 ||| qw: God list: Okawaru
     0 | D:1      | 0 ||| qw: Allow faded altars: false
     0 | D:1      | 0 ||| qw: Do Orc after D:15 true
     0 | D:1      | 0 ||| qw: Do second Lair branch before Depths: true
     0 | D:1      | 0 ||| qw: Lair rune preference: random
     0 | D:1      | 0 ||| qw: Plans: Normal
     0 | D:1      | 0 ||| PLANNING D:1-11
     0 | D:1      | Fell from the grace of Xom
   117 | D:1      | XOM: stat loss: -2 Str (11/13)
   122 | D:1      | 122 ||| Stepping randomly (stuck).
   129 | D:1      | Reached XP level 2. HP: 18/24 MP: 2/2
   141 | D:1      | Reached skill level 4 in Axes
   434 | D:1      | 434 ||| DROPPING +0 club.
   451 | D:1      | 451 ||| UPGRADING to +0 pair of gloves.
   491 | D:1      | 491 ||| Stepping ~*~*~tactically~*~*~ (stealth).
   492 | D:1      | 492 ||| Stepping ~*~*~tactically~*~*~ (stealth).
   574 | D:1      | Found Ateim's Distillery.
   584 | D:1      | 584 ||| SHOPLISTING potion of curing (30 gold, have 17).
   584 | D:1      | 584 ||| SHOPLISTING potion of haste (100 gold, have 17).
   584 | D:1      | 584 ||| SHOPLISTING potion of heal wounds (50 gold, have
                  | 17).
   584 | D:1      | 584 ||| SHOPLISTING potion of might (40 gold, have 17).
   602 | D:1      | Found Zomeulos's General Store.
   611 | D:1      | 611 ||| SHOPLISTING +0 kite shield (54 gold, have 17).
   611 | D:1      | 611 ||| SHOPLISTING +0 pair of boots (54 gold, have 17).
   611 | D:1      | 611 ||| SHOPLISTING potion of heal wounds (60 gold, have
                  | 17).
   611 | D:1      | 611 ||| SHOPLISTING scroll of identify (24 gold, have 17).
   634 | D:1      | XOM: chaos upgrade
   637 | D:1      | 637 ||| READING scroll labelled IBUEZU USEANUI.
   671 | D:1      | 671 ||| Stepping ~*~*~tactically~*~*~ (stealth).
   674 | D:1      | 674 ||| UPGRADING to +0 scale mail.
   695 | D:1      | 695 ||| Stepping ~*~*~tactically~*~*~ (stealth).
   726 | D:1      | 726 ||| Stepping ~*~*~tactically~*~*~ (stealth).
   727 | D:1      | 727 ||| DROPPING +2 leather armour.
  1067 | D:1      | 1067 ||| READING scroll labelled BAOZES VERHARE.
  1094 | D:2      | Reached XP level 3. HP: 29/29 MP: 3/3
  1106 | D:2      | 1106 ||| Stepping ~*~*~tactically~*~*~ (stealth).
  1273 | D:2      | XOM: summons 7 hostile demons
  1274 | D:2      | Noticed a red devil
  1274 | D:2      | Noticed a smoke demon
  1274 | D:2      | Noticed a chaos spawn
  1276 | D:2      | HP: 7/29 [red devil/+0 trident[Xom] (10)]
  1278 | D:2      | Mangled by a red devil

Levels and vault maps discovered:
D:1:      psy_arrival_radial02, layout_basic, serial_glass, glass_columns_a,
          glass_columns_b, glass_columns_c, glass_columns_c, glass_columns_a,
          glass_columns_a, glass_columns_b, glass_columns_a, serial_shops,
          nicolae_shop_trees, shop, corexii_item_surrounded_by_moat
D:2:      layout_basic

Skill      XL: |  1  2 |
---------------+-------+-----
Axes           | 4 |  4.7
Fighting       | |  3.6
Armour         | |  2.4
Dodging        | |  1.1

Action                   || total
-------------------------++-------
Melee: Hand axe          ||    69
Invok: Renounce Religion ||     1
  Use: Scroll            ||     2
Armor: Leather armour    ||    13
       Scale mail        ||    20
Dodge: Dodged            ||    38

Table legend:
 A = Non-vault XP
 B = Vault XP
 C = Vault XP percentage of total XP
 D = Non-vault monster count
 E = Vault monster count
 F = Vault count percentage of total count
                 A         B        C        D         E       F
            +---------+---------+-------+---------+---------+-------
      Total |      47 |       0 |   0.0 |      30 |       0 |   0.0
            +---------+---------+-------+---------+---------+-------
        D:1 |      32 |       0 |   0.0 |      20 |       0 |   0.0
        D:2 |      15 |       0 |   0.0 |      10 |       0 |   0.0
            +---------+---------+-------+---------+---------+-------
